 Dungeon Crawl Stone Soup version 0.29-a0-383-g8b6f518c11 (webtiles) character file.

Game seed: 7093837123450793469

83 KateP the Skirmisher (level 4, 0/37 (40) HPs)
             Began as a Minotaur Fighter on May 6, 2022.
             Slain by an orc priest
             ... wielding a +0 flail
              (8 damage)
             ... on level 3 of the Dungeon.
             The game lasted 00:02:06 (1614 turns).

KateP the Skirmisher (Minotaur Fighter)             Turns: 1614, Time: 00:02:07

HP:   0/37 (40)     AC:  7    Str: 23    XL:     4   Next: 22%
MP:   3/3           EV:  9    Int:  5    God:
Gold: 104           SH:  0    Dex:  9    Spells: 3/3 levels left

rFire   . . .      SeeInvis .   a - +0 war axe
rCold   . . .      Faith    .   c - +0 buckler
rNeg    . . .      Spirit   .   b - +0 scale mail
rPois   .          Reflect  .   (helmet restricted)
rElec   .          Harm     .   (no cloak)
rCorr   .          Rampage  .   (no gloves)
Will    .....                   (no boots)
Stlth   ..........              (no amulet)
HPRegen 0.12/turn               (no ring)
MPRegen 0.08/turn               (no ring)

@: confused, ambrosia-drunk, drained
A: horns 2, retaliatory headbutt
a: no special abilities


You were on level 3 of the Dungeon.
You visited 1 branch of the dungeon, and saw 3 of its levels.

You collected 104 gold pieces.

Inventory:

Hand Weapons
 a - a +0 war axe (weapon)
Missiles
 m - 2 throwing nets (quivered)
Armour
 b - a +0 scale mail (worn)
 c - a +0 buckler (worn)
Scrolls
 e - 2 scrolls of vulnerability {unknown}
 f - a scroll of magic mapping {unknown}
 g - a scroll of poison {unknown}
 h - a scroll of blinking {unknown}
 i - a scroll of amnesia {unknown}
 j - a scroll of fog {unknown}
 k - 2 scrolls of identify {unknown}
 r - a scroll of immolation {unknown}
Potions
 d - 2 potions of might
 l - a potion of curing {unknown}
 n - 2 potions of degeneration {unknown}
 o - a potion of berserk rage {unknown}
 p - a potion of brilliance {unknown}
 q - a potion of haste {unknown}
 s - a potion of ambrosia


   Skills:
 + Level 4.2 Fighting
 * Level 3.9 Axes
 + Level 4.2 Armour
 + Level 4.2 Shields


You had 3 spell levels left.
You didn't know any spells.
Your spell library contained the following spells:

 Spells                   Type           Power      Damage    Failure   Level
 Static Discharge         Conj/Air       0%         N/A       95%         2
 Lightning Bolt           Conj/Air       0%         1d11      100%        5
 Maxwell's Capacitive Co  Air            0%         ∞         100%        8


Dungeon Overview and Level Annotations

Branches:
Dungeon (3/15)

Altars:
Trog

Shops:
D:1 =


Innate Abilities, Weirdness & Mutations

You have a pair of horns on your head.
You reflexively headbutt those who attack you in melee.


Message History

You feel drained.
There are monsters nearby!
You slash the orc!
You kill the orc!
A frilled lizard comes into view.
There are monsters nearby!
You hit the orc.
The orc is moderately wounded.
The orc hits you with a +2 hand axe of freezing!
The orc freezes you. The orc closely misses you.
There are monsters nearby!
You barely miss the orc.
The orc is moderately wounded.
You closely miss the orc priest.
The orc priest calls down the wrath of Beogh upon you.
Beogh smites you!
The orc hits you with a +2 hand axe of freezing.
The orc freezes you.
* * * LOW HITPOINT WARNING * * *
You hit the orc priest.
The orc priest is lightly wounded.
You hit the orc.
The orc priest invokes the aid of Beogh against you.
Pain shoots through your body!
* * * LOW HITPOINT WARNING * * *
The orc barely misses you.
It was a potion of ambrosia.
You are confused.
You feel invigorated.
The orc priest hits you but does no damage.
The orc hits you but does no damage.
The orc hits you with a +2 hand axe of freezing.
* * * LOW HITPOINT WARNING * * *
The orc freezes you.
* * * LOW HITPOINT WARNING * * *
You slash the orc priest! Your headbutt misses the orc priest.
The orc priest is almost dead.
You barely miss the orc. x2
The orc priest hits you with a +0 flail!
You die...

#.# #.# ##### .#.# .
#...##.#.#
..####......#.#
............#.#
#..........#.#########
#....o...# #.#.......#
#...lo@..# #.#.#######
#....o...###'#'###
#........).......#
#########).......#
#........#
.......#+### ########


You could see an orc priest, 2 orcs and a frilled lizard.

Vanquished Creatures
  2 adders (D:2)
  3 dart slugs
  2 orcs (D:3)
  4 ball pythons
  8 bats
  5 endoplasms
  A giant cockroach (D:1)
  5 hobgoblins
  7 kobolds
  3 quokkas
  3 frilled lizards (D:1)
  5 goblins
  6 rats
54 creatures vanquished.

Notes
Turn   | Place    | Note
-------+----------+-------------------------------------------
     0 | D:1      | KateP the Minotaur Fighter began the quest for the Orb.
     0 | D:1      | Reached XP level 1. HP: 19/19 MP: 0/0
   188 | D:1      | Reached XP level 2. HP: 27/27 MP: 1/1
   205 | D:1      | Found Voiwoal's One-of-a-Kind Rings.
   308 | D:1      | Found a faded altar of an unknown god.
   624 | D:1      | Reached XP level 3. HP: 28/28 MP: 2/2
  1036 | D:2      | Reached XP level 4. HP: 39/39 MP: 3/3
  1522 | D:3      | Found a bloodstained altar of Trog.
  1614 | D:3      | Slain by an orc priest

Illustrated notes

Levels and vault maps discovered:
D:1:      psy_arrival_conway, layout_loops_ring, basic_ecumenical_altar,
          nicolae_shop_unique_rings, st_stairs_13
D:2:      minmay_angry_zag, layout_basic, chequers_serial_rivers_large_b,
          minmay_misc_feat_columns, lemuel_another_geyser
D:3:      layout_basic, lemuel_round_altar, xom_butterflies, demons_altar

Skill      XL: |  1  2  3 |
---------------+----------+-----
Axes           | 3 |  3.9
Fighting       | 4 |  4.2
Armour         | 4 |  4.2
Shields        | 4 |  4.2

Action                   |  1- 3 |  4- 6 || total
-------------------------+-------+-------++-------
Melee: War axe           |    79 |    23 ||   102
       Headbutt          |     6 |     2 ||     8
  Use: Potion            |       |     1 ||     1
Armor: Scale mail        |    38 |    12 ||    50
Dodge: Dodged            |    52 |     9 ||    61
Block: Buckler           |    17 |     6 ||    23

Table legend: (Time is in decaauts)
 A = Elapsed time spent in this place.
 B = Non-inter-level travel time spent in this place.
 C = Inter-level travel time spent in this place.
 D = Time resting spent in this place.
 E = Time spent auto-exploring this place.
 F = Levels seen in this place.
 G = Mean time per level.
                   A        B        C        D        E       F      G
               +--------+--------+--------+--------+--------+-----+--------+
         Total |   1679 |   1679 |      0 |      0 |   1361 |   3 |  559.7 |
       Dungeon |   1679 |   1679 |      0 |      0 |   1361 |   3 |  559.7 |
               +--------+--------+--------+--------+--------+-----+--------+

Top non-repeatable levels by time:
     D:2: 856 daAuts
     D:1: 705 daAuts
     D:3: 117 daAuts
